 Dungeon Crawl Stone Soup version 0.22-a0-429-g97ce8ef (webtiles) character file.

240 Hexagon the Skirmisher (level 5, -5/48 HPs)
             Began as a Minotaur Berserker on May 25, 2018.
             Was a Believer of Trog.
             Killed by divine providence
             ... invoked by an orc priest
              (11 damage)
             ... on level 4 of the Dungeon.
             The game lasted 00:15:42 (3340 turns).

Hexagon the Skirmisher (Minotaur Berserker)         Turns: 3340, Time: 00:15:42

Health: -5/48      AC:  2    Str: 23    XL:     5   Next: 80%
Magic:  4/4        EV: 13    Int:  4    God:    Trog [**....]
Gold:   222        SH:  0    Dex:  9    Spells: 4/4 levels left

rFire    . . .     SeeInvis .   a - +0 hand axe
rCold    . . .     Gourm    .   (no shield)
rNeg     . . .     Faith    .   b - +0 animal skin
rPois    .         Spirit   .   (helmet restricted)
rElec    .         Reflect  .   (no cloak)
rCorr    .         Harm     .   (no gloves)
MR       .....                  (no boots)
Stlth    +.........             (no amulet)
HPRegen  0.16/turn              (no ring)
MPRegen  0.09/turn              (no ring)

@: no status effects
A: retaliatory headbutt, horns 2
a: Berserk, Trog's Hand, Renounce Religion


You were on level 4 of the Dungeon.
You worshipped Trog.
Trog was pleased with you.
You were not hungry.

You visited 1 branch of the dungeon, and saw 4 of its levels.

You collected 222 gold pieces.

Inventory:

Hand Weapons
 a - a +0 hand axe (weapon)
Missiles
 n - 5 poisoned tomahawks (quivered)
Armour
 b - a +0 animal skin (worn)
Wands
 q - a wand of digging (9)
 r - a wand of disintegration (18)
Scrolls
 d - a scroll of random uselessness {unknown}
 e - a scroll of immolation {unknown}
 g - 2 scrolls of remove curse {unknown}
 h - a scroll of enchant armour {unknown}
 i - 3 scrolls of identify {unknown}
 l - a scroll of magic mapping {unknown}
 o - 2 scrolls of fog {unknown}
 p - 2 scrolls of teleportation {unknown}
Potions
 f - a potion of berserk rage {unknown}
 j - a potion of heal wounds {unknown}
 k - 4 potions of mutation {unknown}
 m - 2 potions of curing {unknown}
 s - a potion of brilliance {unknown}
Comestibles
 c - 3 rations
 t - 5 chunks of flesh


   Skills:
 + Level 5.1 Fighting
 + Level 5.0 Axes
 + Level 4.2 Armour
 + Level 3.8 Dodging


You had 4 spell levels left.
You didn't know any spells.
Your spell library was empty.

Dungeon Overview and Level Annotations

Branches:
Dungeon (4/15)             Temple (0/1) D:4

Altars:
Trog
Xom
Yredelemnul
The Shining One

Annotations:
D:4 1 runed door


Innate Abilities, Weirdness & Mutations

You reflexively headbutt those who attack you in melee.
You have a pair of horns on your head.


Message History

You see here a stone.
You are too injured to fight recklessly!
A stone appears from out of thin air!
The stone hits you but does no damage.
A stone appears from out of thin air!
The stone hits you but does no damage.
A stone appears from out of thin air!
The stone hits you.
* * * LOW HITPOINT WARNING * * *
That item cannot be evoked!
A stone appears from out of thin air!
The stone hits you but does no damage.
You are too injured to fight recklessly!
You closely miss the orc priest. You closely miss something.
Something hits you.
* * * LOW HITPOINT WARNING * * *
The orc priest barely misses you. You furiously retaliate!
You headbutt the orc priest. You hit the orc priest.
Your headbutt misses the orc priest.
The orc priest is moderately wounded.
You hit something but do no damage. Something barely misses you.
The orc priest invokes the aid of Beogh against you.
Beogh smites you!
You die...

# # ## ### #. # #.##### ##. #..
###.##.##(.# # ##.# ...
#......@.### .## #..# #..
.#####o### #.. ##.. ####..# #[##
#.. #... . ......### ##..#####
#.## #.(. ..
#......###.......###..####...
..####.##oo................#.....
........##......#####............
.................####.....#......
...............#..##...#.##......


You could see an orc priest.

Vanquished Creatures
  An orc priest (D:4)
  Jessica (D:2)
  2 worker ants
  5 adders
  6 worms
  2 dart slugs
  A leopard gecko (D:2)
  2 orcs (D:4)
  6 giant cockroaches
  5 goblins
  4 hobgoblins
  10 jackals
  2 quokkas
  A ball python (D:3)
  10 bats
  3 frilled lizards
  5 kobolds
  8 rats
  A fungus (D:3)
75 creatures vanquished.

Notes
Turn   | Place    | Note
-------+----------+-------------------------------------------
     0 | D:1      | Hexagon the Minotaur Berserker began the quest for the Orb.
     0 | D:1      | Reached XP level 1. HP: 19/19 MP: 0/0
   113 | D:1      | Reached XP level 2. HP: 18/27 MP: 1/1
   807 | D:1      | Reached XP level 3. HP: 31/33 MP: 2/2
  1185 | D:2      | Found a shimmering altar of Xom.
  1225 | D:2      | Reached ** piety under Trog
  1520 | D:2      | Noticed Jessica
  1530 | D:2      | Killed Jessica
  1530 | D:2      | Reached XP level 4. HP: 41/41 MP: 3/3
  2238 | D:3      | Found a basalt altar of Yredelemnul.
  2458 | D:3      | Reached XP level 5. HP: 42/47 MP: 4/4
  2510 | D:3      | Noticed a moth of wrath
  2518 | D:3      | Found a bloodstained altar of Trog.
  3178 | D:4      | Found a staircase to the Ecumenical Temple.
  3222 | D:4      | Found a glowing golden altar of the Shining One.
  3223 | D:4      | Found a runed door.
  3223 | D:4      | Noticed an angel
  3253 | D:4      | Reached skill level 5 in Fighting
  3253 | D:4      | Reached skill level 5 in Axes
  3340 | D:4      | Killed from afar by an orc priest

Vault maps used:
D:1:      evilmike_arrival_rings, minmay_tetromino_i2
D:2:      xom_teletrap_fun, uniq_jessica
D:3:      lemuel_doored_altar, tgw_trog, minmay_gold_behind_fungi
D:4:      temple_pool_b, lemuel_angel_altar

Skill      XL: |  1  2  3  4  5 |
---------------+----------------+-----
Fighting       | 4 5 |  5.1
Axes           | 4 5 |  5.0
Armour         | 3 4 |  4.2
Dodging        | 3 |  3.8

Action                   |  1- 3 |  4- 6 || total
-------------------------+-------+-------++-------
Melee: Hand axe          |    86 |   102 ||   188
       Headbutt          |    13 |    20 ||    33
Invok: Trog's Hand       |     1 |     1 ||     2
       Berserk           |       |     3 ||     3
  Eat: Chunk             |     2 |     9 ||    11
Armor: Animal skin       |    24 |    13 ||    37
Dodge: Dodged            |    57 |    60 ||   117

Table legend:
 A = Spawn XP
 B = Non-spawn XP
 C = Spawn XP percentage of total XP
 D = Spawn monster count
 E = Non-spawn monster count
 F = Spawn count percentage of total count
 G = Total turns spent on level
                    A         B        C        D         E        F      G
               +---------+---------+-------+---------+---------+-------+---------
         Total |       0 |     344 |   0.0 |       0 |      74 |   0.0 |  3340
               +---------+---------+-------+---------+---------+-------+---------
           D:1 |       0 |      42 |   0.0 |       0 |      24 |   0.0 |  1116
           D:2 |       0 |      70 |   0.0 |       0 |      18 |   0.0 |   591
           D:3 |       0 |     138 |   0.0 |       0 |      26 |   0.0 |  1369
           D:4 |       0 |      94 |   0.0 |       0 |       6 |   0.0 |   264
               +---------+---------+-------+---------+---------+-------+---------
